 Dungeon Sprint DCSS version 0.24.0-125-gc4c63601f3 (webtiles) character file.

Game seed: 8157483790270504557, levelgen mode: deterministic

1100000 Ponchio the Slayer (level 13, 74/145 HPs)
             Began as a Pale Draconian Berserker on Mar 4, 2020.
             Was a Believer of Trog.
             Got out of the dungeon alive.
             The game lasted 00:01:31 (11 turns).

Ponchio the Slayer (Pale Draconian Berserker)         Turns: 11, Time: 00:01:31

Health: 74/145     AC:  8    Str: 20    XL:     13   Next: 69%
Magic:  13/13      EV: 26    Int:  8    God:    Trog [**....]
Gold:   0          SH:  0    Dex: 15    Spells: 12/12 levels left

rFire    . . .     SeeInvis .   i - +∞ Axe of Woe
rCold    . . .     Gourm    .   (shield currently unavailable)
rNeg     . . .     Faith    .   (armour unavailable)
rPois    .         Spirit   .   (helmet restricted)
rElec    .         Reflect  .   (no cloak)
rCorr    .         Harm     .   (no gloves)
MR       .....     NoTele   +   (no boots)
Stlth    +.........             (no amulet)
HPRegen  0.34/turn              (no ring)
MPRegen  0.13/turn              (no ring)

@: hasted, very quick
A: breathe steam, unfitting armour, cold-blooded, AC +8
a: Breathe Steam, Berserk, Trog's Hand, Renounce Religion


You escaped.
You worshipped Trog.
Trog was pleased with you.
You were not hungry.

You visited 1 branch

Inventory:

Hand Weapons
 a - a +0 hand axe
 i - the +∞ Axe of Woe (weapon)
   (You found it in the Dungeon)
Scrolls
 h - a scroll of blinking
Potions
 c - a potion of curing
 d - a potion of heal wounds
 f - 2 potions of magic
 g - a potion of berserk rage
Comestibles
 b - a ration


   Skills:
 + Level 21.9 Fighting
 + Level 20.5 Axes
 + Level 19.1 Dodging


You had 12 spell levels left.
You didn't know any spells.
Your spell library was empty.

Dungeon Overview and Level Annotations

Branches:
Dungeon (1/1)

Altars:
Makhleb


Innate Abilities, Weirdness & Mutations

You can breathe blasts of scalding, opaque steam.
Your pale cyan-grey scales are hard. (AC +8)
You cannot fit into any form of body armour.
You are cold-blooded and may be slowed by cold attacks.


Message History

Your Fighting skill increases to level 21!
Your Axes skill increases to level 20!
Your Dodging skill gained 2 levels and is now at level 19!
You have reached level 13!
The bag of meat appears out of thin air!
A bag of meat comes into view. It is wielding a +9 war axe.
The bag of meat shouts!
The meat berserker rages.
You hear a shout! x4
A bag of meat comes into view. It is wielding a +9 war axe. x2
You hear a shout! x3
Are you sure you want to leave the Dungeon?
This will make you lose the game!
Alright, then stay!
Are you sure you want to leave the Dungeon?
This will make you lose the game!
The bag of meat shouts!
You hear a shout!
The meat berserker hits you with a +9 battleaxe!!!
You hear a shout!
The bag of meat hits you with a +9 war axe.
You hear a shout! x2
You have escaped!

.. .. #. o# #..
..# .###.o
..###.
......###O.....
..o.._.....
#.oo..# #_o@O_#
#.)oo.#
....._o....
.....O###...o..
.###.. ..###.
#.. ..# #. o#
.. ..


You could see 3 meat berserkers and 11 bags of meat.

Vanquished Creatures
  3 orcs (D)
3 creatures vanquished.

Notes
Turn   | Place    | Note
-------+----------+-------------------------------------------
     0 | D        | Found the +∞ Axe of Woe
     0 | D        | Ponchio the Draconian Berserker began the quest for the
                  | Orb.
     0 | D        | Reached XP level 1. HP: 19/19 MP: 1/1
     2 | D        | Noticed a bag of meat
     2 | D        | Noticed a bag of meat
     4 | D        | Noticed a bag of meat
     4 | D        | Noticed a bag of meat
     4 | D        | Noticed a bag of meat
     4 | D        | Noticed a bag of meat
     4 | D        | Noticed a bag of meat
     5 | D        | Noticed a bag of meat
     5 | D        | Noticed a bag of meat
     5 | D        | Noticed a meat berserker
     7 | D        | Noticed a bag of meat
     7 | D        | Noticed a meat berserker
     7 | D        | Noticed a meat berserker
     8 | D        | Noticed a bag of meat
     8 | D        | Noticed a bag of meat
     9 | D        | Killed a bag of meat
     9 | D        | Reached skill level 17 in Fighting
     9 | D        | Reached skill level 15 in Dodging
     9 | D        | Reached XP level 2. HP: 52/52 MP: 2/2
     9 | D        | Reached XP level 3. HP: 59/59 MP: 3/3
     9 | D        | Reached XP level 4. HP: 68/68 MP: 4/4
     9 | D        | Reached XP level 5. HP: 74/74 MP: 5/5
     9 | D        | Reached XP level 6. HP: 82/82 MP: 6/6
     9 | D        | Your scales start taking on a pale cyan-grey colour.
     9 | D        | Reached XP level 7. HP: 89/89 MP: 7/7
     9 | D        | Reached XP level 8. HP: 97/97 MP: 8/8
     9 | D        | Reached XP level 9. HP: 104/104 MP: 9/9
     9 | D        | Reached XP level 10. HP: 112/112 MP: 10/10
     9 | D        | Reached XP level 11. HP: 118/118 MP: 11/11
     9 | D        | Killed a bag of meat
     9 | D        | Reached ** piety under Trog
     9 | D        | Reached skill level 20 in Fighting
     9 | D        | Reached XP level 12. HP: 134/134 MP: 12/12
     9 | D        | Killed a bag of meat
     9 | D        | Reached skill level 21 in Fighting
     9 | D        | Reached XP level 13. HP: 145/145 MP: 13/13
     9 | D        | Noticed a bag of meat
     9 | D        | Noticed a bag of meat
     9 | D        | Noticed a bag of meat
    11 | D        | Got out of the dungeon alive.

Levels and vault maps discovered:
D:        meatsprint

Skill      XL: |  1  2  3  4  5  6  7  8  9 10 11 12 |
---------------+-------------------------------------+-----
Fighting       | 17 20 21 | 21.9
Axes           | 16 19 20 | 20.5
Dodging        | 15 17 19 | 19.1

Action                   |  1- 3 |  4- 6 |  7- 9 | 10-12 | 13-15 || total
-------------------------+-------+-------+-------+-------+-------++-------
Melee: Executioner's axe |     1 |       |       |       |       ||     1
  Use: Potion            |     1 |       |       |       |       ||     1
